 Dungeon Crawl Stone Soup version 0.28-a0-1286-g6bde065e89 (webtiles) character file.

Game seed: 14603811364017478294

4015 ReploidZero the Covert (level 10, -4/59 HPs)
             Began as a Kobold Brigand on Dec 26, 2021.
             Was a Follower of Uskayaw.
             Succumbed to a kobold brigand's curare-tipped dart
             ... in a bailey.
             The game lasted 00:32:02 (11467 turns).

ReploidZero the Covert (Kobold Brigand)            Turns: 11467, Time: 00:32:03

Health: -4/59      AC:  8    Str: 15    XL:     10   Next: 47%
Magic:  14/14      EV: 18    Int: 15    God:    Uskayaw [*.....]
Gold:   402        SH:  0    Dex: 22    Spells: 15/17 levels left

rFire   . . .      SeeInvis .   k - +3 dagger (flame)
rCold   . . .      Faith    .   (shield restricted)
rNeg    . . .      Spirit   .   b - +0 robe
rPois   .          Reflect  .   (no helmet)
rElec   .          Harm     .   c - +1 cloak
rCorr   .          Rampage  .   (no gloves)
Will    .....                   (no boots)
Stlth   +++++++...              (no amulet)
HPRegen 0.19/turn               q - +6 ring of strength
MPRegen 0.14/turn               r - +4 ring of protection

@: lethally poisoned (-4 -> -21), slowed, very slow
A: small, no large weapons, nightstalker 3, agile 1, clever 1, low mp 1
a: Renounce Religion, Stomp


You were in a bailey.
You worshipped Uskayaw.
Uskayaw was noncommittal.
You visited 2 branches of the dungeon, and saw 9 of its levels.
You also visited: Sewer and Bailey.

You collected 402 gold pieces.

Inventory:

Hand Weapons
 k - a +3 dagger of flaming (weapon)
Missiles
 d - 73 poisoned darts
 i - 3 silver boomerangs
 l - 2 datura-tipped darts (quivered)
Armour
 b - a +0 robe (worn)
 c - a +1 cloak (worn)
Jewellery
 g - an amulet of faith
 o - a ring of magical power
 q - a +6 ring of strength (left hand)
 r - a +4 ring of protection (right hand)
Scrolls
 a - a scroll of identify
 e - 2 scrolls of teleportation
 h - a scroll of enchant weapon
 j - a scroll of silence
 s - a scroll of immolation
Potions
 f - a potion of brilliance
 m - a potion of mutation
Miscellaneous
 n - a phantom mirror
 t - a tin of tremorstones (2/2)


   Skills:
 - Level 5.4 Fighting
 - Level 6.6 Short Blades
 - Level 4.0 Throwing
 - Level 5.5 Dodging
 * Level 13.2 Stealth
 - Level 4.0 Spellcasting
 + Level 4.9 Hexes
 + Level 3.7 Ice Magic


You had 15 spell levels left.
You knew the following spells:

 Your Spells              Type           Power      Damage    Failure   Level
a - Ensorcelled Hibernat  Hex/Ice        32%        N/A       4%          2

Your spell library contained the following spells:

 Spells                   Type           Power      Damage    Failure   Level
 Magic Dart               Conj           12%        1d3       19%         1
 Searing Ray              Conj           6%         2d4       26%         2
 Spider Form              Tmut/Pois      3%         N/A       47%         3
 Fulminant Prism          Conj/Hex       5%         3d7       54%         4


Dungeon Overview and Level Annotations

Branches:
Dungeon (8/15)             Temple (1/1) D:6           Sewer (visited)
 Bailey (1/1)
   Lair: D:8-11

Altars:
Ashenzari
Cheibriados
Dithmenos
Elyvilon
Fedhas
Gozag
Kikubaaqudgha
Makhleb
Nemelex Xobeh
Okawaru
Qazlal
Ru
Sif Muna
Trog
Uskayaw
Vehumet
Wu Jian
Xom
Yredelemnul
Zin
The Shining One


Innate Abilities, Weirdness & Mutations

You are small and have problems with some larger weapons.
You are completely attuned to the shadows.
You are agile. (Dex +2)
Your mind is acute. (Int +2)
Your magical capacity is low. (-10% MP)


Message History

You throw a datura-tipped dart.
The datura-tipped dart closely misses the kobold brigand.
The datura-tipped dart barely misses the orc knight.
The kobold brigand barely misses you.
The kobold brigand throws a curare-tipped dart.
The curare-tipped dart hits you.
You are poisoned.
You have difficulty breathing.
You feel yourself slow down.
Throw: 3 darts (datura)
Press: ? - help, Q - select action, (/) - cycle Shift-Dir - straight line, f/p - orc knight
Aim: an orc knight, wielding a +0 broad axe and wearing a +0 ring mail (60% to hit, chance to frenzy on hit: 54%)
You throw a datura-tipped dart.
The datura-tipped dart barely misses the kobold brigand.
The datura-tipped dart hits the orc knight.
The orc knight resists.
You feel very sick.
The kobold brigand throws a curare-tipped dart.
The curare-tipped dart hits you.
You are more poisoned.
You have difficulty breathing.
You feel as though you will be slow longer.
You feel very sick.
Okay, then.
You feel very sick.
The orc knight roars a battlecry!
The orc warrior goes into a battle-frenzy!
The orc warrior shouts!
The orc warrior misses you.
You hear a shout!
You feel very sick.
The kobold brigand throws a curare-tipped dart.
The curare-tipped dart hits you.
You are lethally poisoned!
You have difficulty breathing.
* * * LOW HITPOINT WARNING * * *
You feel as though you will be slow longer.
Really quaff the potion of mutation?
You feel extremely strange.
You feel less energetic.
You feel agile.
You feel clever.
You die...

#...............#
#...............#
##.......(.....##
###.........###
####.(.#### ###'###
##.....## #...8.o.#
#∩...K@∩# ##..o..##
####'''####
##≈.......≈##
#####≈≈..(....≈o#####
#...)≈≈.......≈≈....#
#.###≈≈..(....≈≈###.#
#....≈≈.......≈≈....#
#.###≈≈.......≈≈###.#


You could see an orc knight, an orc warrior (strong) and a kobold brigand.

Vanquished Creatures
  A two-headed ogre (D:8)
  Sigmund (D:2)
  A wyvern (D:7)
  Menkaure (D:4)
  A water moccasin (D:5)
  3 orc warriors
  2 black bears (D:5)
  3 centaurs
  3 kobold brigands (Bailey)
  3 bullfrogs
  A gnoll sergeant (D:5)
  A scorpion (D:4)
  A water moccasin zombie (D:5)
  3 jellies
  6 killer bees (D:7)
  3 wights (D:7)
  A bullfrog zombie (D:6)
  A centaur zombie (D:6)
  A centaur skeleton (D:6)
  3 hounds
  Crazy Yiuf (D:5)
  6 orc priests
  2 iguanas
  7 orc wizards
  A hound skeleton (D:4)
  13 gnolls
  11 adders
  A river rat (D:5)
  A shadow imp (D:6)
  A white imp (D:8)
  3 dart slugs
  2 worms (D:2)
  35 orcs
  11 endoplasms
  8 giant cockroaches
  5 goblins
  7 hobgoblins
  15 jackals
  17 quokkas
  17 ball pythons
  5 bats
  11 frilled lizards
  14 kobolds
  15 rats
249 creatures vanquished.

Notes
Turn   | Place    | Note
-------+----------+-------------------------------------------
     0 | D:1      | ReploidZero the Kobold Brigand began the quest for the Orb.
     0 | D:1      | Reached XP level 1. HP: 12/12 MP: 1/1
   184 | D:1      | Reached XP level 2. HP: 7/18 MP: 2/2
   938 | D:1      | Reached XP level 3. HP: 22/22 MP: 3/3
  1287 | D:1      | Reached skill level 6 in Stealth
  1737 | D:2      | Reached XP level 4. HP: 27/27 MP: 4/4
  1939 | D:2      | Found a faded altar of an unknown god.
  2165 | D:2      | Reached XP level 5. HP: 32/32 MP: 5/5
  2347 | D:2      | Noticed Sigmund
  2351 | D:2      | Killed Sigmund
  2352 | D:2      | Reached skill level 7 in Stealth
  2352 | D:2      | Reached XP level 6. HP: 37/37 MP: 6/6
  3404 | D:3      | Reached XP level 7. HP: 21/42 MP: 7/7
  3786 | D:3      | Reached skill level 8 in Stealth
  4122 | D:4      | Learned a level 2 spell: Ensorcelled Hibernation
  4845 | D:4      | Noticed Menkaure
  4849 | D:4      | Killed Menkaure
  4850 | D:4      | Reached skill level 5 in Short Blades
  4850 | D:4      | Reached XP level 8. HP: 48/48 MP: 7/9
  5029 | D:4      | Identified the +4 mace "Uganareq" {drain, rPois Dex+2}
  5230 | D:5      | Entered Level 5 of the Dungeon
  5259 | D:5      | Found a runed translucent door.
  5262 | D:5      | Noticed Crazy Yiuf
  5267 | D:5      | Killed Crazy Yiuf
  5303 | D:5      | Reached skill level 9 in Stealth
  5303 | D:5      | Reached skill level 1 in Spellcasting
  5303 | D:5      | Reached skill level 1 in Hexes
  5832 | D:5      | Found a glowing drain.
  5851 | Sewer    | Entered a sewer
  6575 | D:5      | Reached XP level 9. HP: 49/53 MP: 10/12
  6768 | D:5      | Found a snail-covered altar of Cheibriados.
  6770 | D:5      | Found a shimmering blue altar of Sif Muna.
  6824 | D:5      | Reached skill level 5 in Dodging
  6824 | D:5      | Reached skill level 10 in Stealth
  6838 | D:5      | Reached skill level 5 in Fighting
  7275 | D:5      | Found an iron altar of Okawaru.
  7511 | D:5      | Identified the +6 scale mail of Lat Nel {Drain rPois rN+
                  | Str+2 Dex+3}
  7644 | D:6      | Found a staircase to the Ecumenical Temple.
  8211 | D:6      | Found a blossoming altar of Fedhas.
  8346 | Temple   | Entered the Ecumenical Temple
  8386 | Temple   | Became a worshipper of Uskayaw the Reveller
  8576 | D:7      | Found a glowing silver altar of Zin.
  8756 | D:7      | Found a shimmering altar of Xom.
  8758 | D:7      | Noticed an angel
  8762 | D:7      | Reached * piety under Uskayaw
  8824 | D:7      | Reached ** piety under Uskayaw
  8921 | D:7      | Reached *** piety under Uskayaw
  8923 | D:7      | Reached skill level 11 in Stealth
  8923 | D:7      | Reached **** piety under Uskayaw
  9074 | D:7      | Reached skill level 1 in Ice Magic
  9974 | D:7      | Reached XP level 10. HP: 31/59 MP: 9/15
 10570 | D:7      | Reached skill level 12 in Stealth
 10650 | D:8      | Noticed a two-headed ogre
 10651 | D:8      | Found a flagged portal.
 10654 | D:8      | Killed a two-headed ogre
 10734 | D:8      | Noticed an eight-headed hydra
 10807 | D:8      | Reached skill level 13 in Stealth
 10818 | Bailey   | Entered a bailey
 11386 | Bailey   | Noticed an orc knight
 11445 | Bailey   | Found a burning altar of Makhleb.
 11466 | Bailey   | HP: 2/59 [asphyx]
 11467 | Bailey   | Gained mutation: Your magical capacity is low. (-10% MP)
                  | [potion of mutation]
 11467 | Bailey   | Gained mutation: You are agile. (Dex +2) [potion of
                  | mutation]
 11467 | Bailey   | Gained mutation: Your mind is acute. (Int +2) [potion of
                  | mutation]
 11467 | Bailey   | Succumbed to a kobold brigand's curare-tipped dart

Illustrated notes

Levels and vault maps discovered:
D:1:      dpeg_cavernosity, layout_basic, minmay_misc_feat_ornament
D:2:      minmay_diamond_boxcup, layout_basic, dreamdust_ecumenical_altar_grove,
          uniq_sigmund
D:3:      layout_basic, roderic_lattice_a
D:4:      layout_basic, kennysheep_cross_bottleneck, hangedman_glass_teeth,
          chequers_decorated_corner, grunt_ministairs_9, uniq_menkaure
D:5:      layout_basic, grunt_temple_overflow_open, portal_sewer_entry_b,
          uniq_crazy_yiuf_cottage
D:6:      layout_loops_ring, mainiacjoe_overflow_alcove_2,
          minmay_temple_entry_gardened_gates, minivault_26, feat_on_display
D:7:      layout_gridville, grunt_temple_overflow_order_and_chaos_1,
          ebering_dispersal_statue_hall
D:8:      layout_basic, overflow_temple_1_default,
          grunt_lair_entry_orc_guard_hut, enter_bailey_6, serial_shops,
          nicolae_shop_bloodbath_and_beyond, minmay_misc_feat_room,
          chequers_garden, minmay_bent
Temple:   regret_index_temple_waves
Bailey:   bailey_axe_3, bailey

Skill      XL: |  1  2  3  4  5  6  7  8  9 10 |
---------------+-------------------------------+-----
Short Blades   | 3 4 5 6 |  6.6
Stealth        | 6 7 8 9 11 13 | 13.2
Dodging        | 2 3 4 5 |  5.5
Fighting       | 3 4 5 |  5.4
Throwing       | 3 4 |  4.0
Spellcasting   | 2 3 4 |  4.0
Hexes          | 2 3 4 |  4.9
Ice Magic      | 2 3 |  3.7

Action                   |  1- 3 |  4- 6 |  7- 9 | 10-12 || total
-------------------------+-------+-------+-------+-------++-------
Melee: Dagger            |   127 |    66 |   459 |   124 ||   776
Throw: Dart              |     5 |    12 |    69 |    40 ||   126
 Cast: Ensorcelled Hiber |       |       |     8 |    13 ||    21
Invok: Stomp             |       |       |     1 |       ||     1
       Line Pass         |       |       |       |     1 ||     1
  Use: Scroll            |     3 |       |    10 |     1 ||    14
       Potion            |       |       |     4 |     9 ||    13
 Stab: Sleeping          |    13 |    23 |    50 |     6 ||    92
       Distracted        |       |     1 |     2 |       ||     3
       Paralysed         |       |       |     2 |       ||     2
Armor: Robe              |    21 |     3 |   107 |    19 ||   150
       Skin              |       |       |     5 |    26 ||    31
Dodge: Dodged            |    86 |    40 |   403 |   101 ||   630

Table legend: (Time is in decaauts)
 A = Elapsed time spent in this place.
 B = Non-inter-level travel time spent in this place.
 C = Inter-level travel time spent in this place.
 D = Time resting spent in this place.
 E = Time spent auto-exploring this place.
 F = Levels seen in this place.
 G = Mean time per level.
                   A        B        C        D        E       F      G
               +--------+--------+--------+--------+--------+-----+--------+
         Total |  11315 |  10973 |    342 |      0 |   8739 |  11 | 1028.6 |
       Dungeon |   9789 |   9517 |    272 |      0 |   7863 |   8 | 1223.6 |
        Temple |    159 |     89 |     70 |      0 |     70 |   1 |  159.0 |
         Sewer |    732 |    732 |      0 |      0 |    422 |   1 |  732.0 |
        Bailey |    634 |    634 |      0 |      0 |    383 |   1 |  634.0 |
               +--------+--------+--------+--------+--------+-----+--------+

Top non-repeatable levels by time:
     D:7: 2184 daAuts
     D:1: 1712 daAuts
     D:5: 1553 daAuts
     D:3: 1280 daAuts
     D:4: 1140 daAuts
     D:2: 1046 daAuts
     D:6: 807 daAuts
   Sewer: 732 daAuts
  Bailey: 634 daAuts
  Temple: 159 daAuts
     D:8: 63 daAuts
